[Event "XTX Markets London Classic-Elite 2024"]
[Site "London"]
[Date "2024.12.06"]
[Round "7.1"]
[White "Jones, Gawain C B"]
[Black "Ju, Wenjun"]
[Result "1-0"]
[WhiteElo "2639"]
[BlackElo "2563"]
[Annotator "TA"]
[PlyCount "81"]
[EventDate "2024.??.??"]
[TimeControl "60"]

1. Nf3 d5 2. g3 c5 3. Bg2 Nf6 4. O-O g6 5. c4 Bg7 6. cxd5 Nxd5 7. Nc3 O-O 8. Nxd5 Qxd5 9. d3 Nc6 10. Be3 Bxb2 11. Rb1 Bg7 12. Qa4 ({RR} 12. Nd4 Qxa2 13. Nxc6 bxc6 14. Bxc6 Bh3 15. Bxa8 Rxa8 16. Re1 a5 17. Qb3 Qxb3 18. Rxb3 a4 19. Ra3 Bb2 20. Ra2 a3 21. Bxc5 Be6 22. Rxb2 axb2 23. Bd4 Rb8 24. Rb1 Rb4 25. Bc3 Rb3 26. Bd4 Rb4 {Shevchenko,K (2684)-Harikrishna,P (2704) chess.com INT 2023 ½-½}) 12... Qd6 ({RR} 12... Qd7 13. Bxc5 Nd4 14. Qd1 Nb5 15. Qc2 b6 16. Nd4 Bxd4 17. Rxb5 bxc5 18. Rbb1 Ba6 19. Bxa8 Rxa8 20. Rb3 Bb7 21. Rfb1 Bd5 22. Rb8+ Rxb8 23. Rxb8+ Kg7 24. e3 Qh3 25. e4 Be6 26. Rb7 Bg4 27. Qb1 {Bayaca,S (2186)-Tang,B (2236) chess.com INT 2024 0-1 (37)}) 13. Nd2 Nd4 14. Bxd4 Bxd4 $146 ({Better is} 14... Qxd4 $14 15. Qxd4 cxd4) ({RR} 14... cxd4 15. Bxb7 Bxb7 16. Rxb7 Qe6 17. Ne4 h6 18. Qd7 Qxa2 19. Qxe7 a5 20. Rfb1 a4 21. Nd6 a3 22. h4 Ra7 23. Rxa7 Qxb1+ 24. Kg2 Qb3 25. Qb7 Rb8 26. Qxb3 {1-0 (26) Babiy,I (2241)-Bin Nun,P (1999) Chess.com INT 2020}) ({RR} 14... cxd4 15. Bxb7 Rb8 16. Bxc8 Rfxc8 17. Rxb8 Rxb8 18. Qxa7 Qd8 19. Qa3 Ra8 20. Qb2 Qa5 21. Ra1 Rc8 22. Nc4 Qf5 23. a4 Bf6 24. Rb1 Kg7 25. Qb7 h5 26. a5 Rxc4 27. dxc4 Qxa5 28. Qb5 Qc3 29. Qb3 {Babiy,I (2241)-Sydoryka,V (2308) Kyiv UKR 2021 1-0 (33)}) 15. Nc4 (15. Ne4 $1 $16 Qc6 16. Qa3 (16. Qxc6 bxc6 17. e3 Bg7 $18)) 15... Qc7 $14 16. Qa3 Rb8 17. Qxa7 Bg4 {[%emt 0:00:57] This pair of bishops is nice.} 18. e3 (18. Bxb7 $2 Bxe2 19. Qb6 Qd7 $19) 18... Bf6 19. Rfc1 (19. Bxb7 $2 Bc8 (19... Be2 20. Qb6 $17) 20. Na5 Bc3 $19) (19. Rxb7 {simplifies} Rxb7 20. Qxb7 Qxb7 21. Bxb7 Be2 22. Rc1) 19... Ra8 20. Qb6 Qd7 21. Qb3 {[%emt 0:04:48][%cal Oc4b6] Threatens to win with Nb6!} Be6 22. Nb6 Qd6 {[%emt 0:04:44] [#]} 23. Bd5 Bxd5 24. Qxd5 Qxd5 25. Nxd5 Ra3 (25... Rfb8 $142) 26. Rb3 (26. Rxc5 Rb8 27. Rc7 Rxd3 28. Nxf6+ (28. Rbxb7 Rxb7 29. Nxf6+ exf6 $14) (28. Nxe7+ Bxe7 29. Rxe7 Ra3 $16) 28... exf6 $14) 26... Rxa2 27. Rxc5 (27. Nxf6+ exf6 28. Rxc5 (28. Rxb7 Rd2 $11) 28... Rd2 $11) 27... Rfa8 28. d4 (28. Nxf6+ $6 exf6 29. Rxb7 Rd2 $11) 28... Rd2 29. Nc3 ({Much weaker is} 29. Rxb7 $6 Ra1+ 30. Kg2 Raa2 $11) (29. Nxf6+ $6 exf6 30. e4 (30. Rxb7 Ra1+ 31. Kg2 Raa2 $11) 30... Kg7 $11 (30... Rxd4 31. Rxb7 Rxe4 32. h4 $11)) 29... Ra1+ 30. Kg2 Rc1 31. Ne4 Rxc5 32. Nxc5 $16 {[%emt 0:00:09][%mdl 4096] Endgame. KRB-KRN} Ra2 33. Rxb7 h5 34. Ne4 Kg7 35. h3 Ra5 36. Rd7 {[%emt 0:00:25] White is more active.} Ra8 37. g4 {[%emt 0:02:20] g5 is the strong threat.} hxg4 (37... Bh4 $142 38. gxh5 gxh5) 38. hxg4 {[%emt 0:00:03] Black must now prevent g5. White is clearly better.} g5 (38... Bh4 $16 39. g5 Ra5) 39. Rb7 $18 Rd8 40. Rb5 Kg6 {[%emt 0:00:08] [#]} 41. Rf5 $1 {[%emt 0:30:18] Weighted Error Value: White=0.07 (flawless) /Black=0.16 (very precise) . Mistake: 	White=1 	Black=4 Inaccurate: 	--- 	Black=2 OK: 	White=12 	Black=12 Best: 	White=2 	--- Strong: 	White=1 	---} 1-0

[Event "XTX Markets London Classic-Elite 2024"]
[Site "London"]
[Date "2024.12.06"]
[Round "7.2"]
[White "Adams, Michael"]
[Black "Hong, Andrew"]
[Result "1/2-1/2"]
[WhiteElo "2662"]
[BlackElo "2572"]
[Annotator "TA"]
[PlyCount "75"]
[EventDate "2024.??.??"]
[TimeControl "60"]

1. e4 c5 2. Nf3 d6 3. Nc3 Nf6 4. d4 cxd4 5. Qxd4 Nc6 6. Qe3 {[%emt 0:00:30] B53: Sicilian: 2...d6: Lines with Qxd4.} g6 7. Bc4 Bg7 8. h3 $1 {[%emt 0:00:21] 8.h3 scores better than 8.0-0.} O-O 9. O-O Na5 ({RR} 9... Nd7 10. Rd1 b6 11. Nd5 Bb7 12. c3 Rc8 13. Bb3 Nc5 14. Bc2 e6 15. Nf4 Qe7 16. Qe2 Rfd8 17. Rb1 Ne5 18. Nd4 a6 19. a4 h5 20. f3 Qf6 21. Qf2 h4 22. b3 d5 23. exd5 Bxd5 24. Nxd5 {Aronian,L (2773)-Carlsen,M (2863) chess24.com INT 2020 1-0 (58)}) 10. Bd3 Be6 $146 ({RR} 10... Nc6 11. Rd1 Be6 12. e5 Ne8 13. exd6 Nxd6 14. Qf4 Qa5 15. Bd2 Qb4 16. Na4 Qxf4 17. Bxf4 Rad8 18. Nc5 Bc8 19. c3 h6 20. Ne4 Nxe4 21. Bxe4 Be6 22. Bxc6 bxc6 23. a3 Bb3 24. Re1 e6 25. Be3 {Murzin,V (2612)-Grebnev,A (2488) Batumi GEO 2023 ½-½ (52)}) ({RR} 10... a6 11. a4 Be6 12. Qe2 Rc8 13. Rd1 Qb6 14. Be3 Qxb2 15. Nb5 Bc4 16. Qe1 Bxd3 17. cxd3 axb5 18. Qxa5 bxa4 19. Qxa4 Qc2 20. Qb4 Qc7 21. Ra7 Qc2 22. Qb1 Rfd8 23. Rc1 Qxb1 24. Rxb1 Rd7 25. Rbxb7 {Antal,G (2563)-Vykouk,J (2483) Germany GER 2024 ½-½}) 11. Rd1 Qc8 $146 ({Predecessor:} 11... Nd7 12. Nd5 Nb6 13. Qg5 Nxd5 14. exd5 h6 15. Qg3 Bxd5 16. Bxg6 Bxf3 17. Bd3 Bh5 18. Bxh6 {1-0 Varga,Z (2371)-Nguyen,T (2117) Budapest Vezerkepzo IM 11 2023 (3)}) 12. Qe1 Re8 13. Rb1 a6 14. b3 Nc6 15. Bf1 Nb4 16. Nd4 Bd7 17. Ba3 Nc6 18. Nf3 b5 19. Bb2 Nb4 20. Rd2 Bh6 21. Re2 (21. a3 $5 Nc6 22. Nd5 Nxd5 23. Rxd5 $11 (23. exd5 Ne5 $16)) 21... e5 22. a3 Nc6 23. Bc1 Bxc1 24. Rxc1 Nd4 25. Re3 Qc5 26. b4 Qa7 27. Qd2 Bc6 28. Rce1 Rac8 29. Rd3 Nxf3+ (29... Nxc2 $5 30. Qxc2 Bxe4 $11) 30. Rxf3 Qe7 31. a4 Rb8 32. axb5 (32. Qg5 {feels hotter.} Kg7 33. axb5 axb5 34. Qd2) 32... axb5 33. Rd3 Red8 34. Rd1 Nxe4 35. Nxe4 Bxe4 36. Rxd6 Rxd6 37. Qxd6 Qxd6 38. Rxd6 1/2-1/2

[Event "XTX Markets London Classic-Elite 2024"]
[Site "London"]
[Date "2024.12.06"]
[Round "7.3"]
[White "Royal, Shreyas"]
[Black "Mamedyarov, Shakhriyar"]
[Result "0-1"]
[WhiteElo "2520"]
[BlackElo "2738"]
[Annotator "TA"]
[PlyCount "122"]
[EventDate "2024.??.??"]
[TimeControl "60"]

1. d4 Nf6 2. c4 g6 3. Nc3 d5 4. Bg5 Ne4 5. Bh4 g5 6. Bg3 {[%emt 0:00:00] D80: Grünfeld: Unusual White 4th moves and 4 Bg5.} h5 7. Nxe4 dxe4 8. h4 e5 9. a3 exd4 10. Be5 Rh6 11. Qxd4 Qxd4 12. Bxd4 g4 13. O-O-O $146 ({Predecessor:} 13. e3 Be6 14. Ne2 Bxc4 15. Rc1 Bxe2 16. Bxe2 c6 17. f3 gxf3 18. gxf3 Nd7 19. fxe4 {0-1 Meskovs,N (2513)-Tomczak,J (2583) Berlin Lasker 150 blitz op 2018 (8)}) ({RR} 13. e3 Be6 14. Ne2 Bxc4 15. Rc1 Bxe2 16. Bxe2 c6 17. f3 gxf3 18. gxf3 Nd7 19. fxe4 Be7 20. e5 O-O-O 21. b4 Kc7 22. Bf3 f6 23. e6 Nf8 24. Bxa7 Nxe6 25. Rc3 f5 26. Ke2 Bf6 27. Rc2 Ra8 {Meskovs,N (2513)-Tomczak,J (2583) Berlin 2018 0-1}) 13... Be6 14. e3 Nc6 15. Bc3 Bd6 16. Ne2 Bxc4 17. Nd4 Bxf1 18. Rhxf1 Ne7 19. Nb5 Rd8 20. Rd4 f5 21. f3 exf3 22. gxf3 Bh2 23. fxg4 (23. Rxd8+ Kxd8 24. fxg4 fxg4 $19 (24... hxg4 25. Nd4 $17)) 23... hxg4 24. Rxd8+ Kxd8 25. Nd4 Rh5 (25... Rxh4 26. Nxf5 Nxf5 27. Rxf5) 26. Ne6+ Kd7 27. Ng7 Rxh4 28. Nxf5 Rh3 29. Rd1+ Ke8 30. Nxe7 Kxe7 31. Rd4 Rg3 32. Kd2 Rg2+ 33. Kd3 Bd6 34. Rd5 g3 35. Rg5 Rf2 36. e4 Bf4 (36... g2 $1 $17 37. Bd4 Rf3+ (37... Bf4 38. Rg7+ Kf8 39. Rg4 $15) 38. Ke2 Rg3 39. Rxg3 Bxg3) 37. Rg7+ $15 Kf8 38. Rg4 $1 c5 (38... Bc1 {simplifies} 39. Rxg3 Bxb2 40. Bxb2 Rxb2 41. Kd4 Rf2) 39. Be1 $1 Rf3+ 40. Ke2 $2 (40. Kc4 $11) 40... Re3+ $19 41. Kd2 (41. Kd1 {was necessary.} Be5 (41... Rxe4 42. Bd2 $15) 42. Rg5 Bxb2 43. Bxg3) 41... Rxe4+ $19 (41... Rxa3+ $2 {is the wrong capture.} 42. Rxf4+ Ke8 43. bxa3 $18) 42. Kd1 Rd4+ $1 43. Kc2 {[%emt 0:00:08] [#]} Bd6 $1 44. Rg5 Rc4+ 45. Kd1 Bf4 46. Rg4 Rc1+ 47. Ke2 {[%emt 0:00:01] [#]} Be5 $1 48. b3 (48. Bxg3 $142 Rc2+ (48... Bxb2 $2 49. Bf4 $19) 49. Ke3 Bxg3 (49... Bxb2 $2 50. Kd3 $19) 50. Rxg3) 48... Kf7 $19 (48... Rc2+ 49. Kf1 $19) 49. Rg5 Kf6 50. Rg8 Ra1 51. a4 Rb1 52. Bxg3 Rxb3 53. Bf2 Bd4 54. Bxd4+ (54. Bh4+ $142 Ke6 55. a5) 54... cxd4 $19 55. Rd8 Ke5 56. a5 a6 57. Rd7 Ke4 58. Kd2 d3 59. Rd6 Rb2+ 60. Kc1 Rb5 61. Rd7 Ke3 ({Less strong is} 61... Rxa5 62. Rxb7 Rh5 63. Kd2 $11) 0-1

[Event "XTX Markets London Classic-Elite 2024"]
[Site "London"]
[Date "2024.12.06"]
[Round "7.4"]
[White "Vidit, Santosh Gujrathi"]
[Black "Vitiugov, Nikita"]
[Result "1/2-1/2"]
[WhiteElo "2739"]
[BlackElo "2668"]
[Annotator "TA"]
[PlyCount "68"]
[EventDate "2024.??.??"]
[TimeControl "60"]

1. c4 Nf6 2. Nf3 e6 3. b3 d5 4. Bb2 c5 5. e3 Nc6 6. cxd5 exd5 7. Be2 d4 8. exd4 cxd4 {[%emt 0:01:09] [#] And now ...d3 would win.} 9. Bb5 Bc5 10. Qe2+ Be6 11. Bxc6+ bxc6 12. Qe5 Bd6 13. Qxd4 O-O 14. O-O Bd5 15. Qh4 Bxf3 {[%emt 0:02:45] A strong pair of Bishops.} 16. Bxf6 gxf6 17. gxf3 Be5 18. Nc3 Qd3 19. Qh3 $146 ({RR} 19. Rfe1 Kh8 20. Re3 Rg8+ 21. Kh1 Qg6 22. Qh3 Rg7 23. Rf1 Bxc3 24. Rxc3 Rag8 25. Rcc1 Qg5 26. Rfe1 Rg6 27. Rcd1 Rh6 28. Qg4 Qd5 29. Qf4 Rxh2+ {0-1 (29) Boyer,M (2455)-Poetsch,H (2464) Lyon FRA 2024}) ({RR} 19. Rfe1 Kh8 20. Re3 Rg8+ 21. Kh1 Qg6 22. Qh3 Rg7 23. Rf1 Bxc3 24. Rxc3 Rag8 25. Rcc1 Qg5 26. Rfe1 Rg6 27. Rcd1 Rh6 28. Qg4 Qd5 29. Qf4 Rxh2+ {0-1 (29) Boyer,M (2455)-Poetsch,H (2464) Lyon FRA 2024}) 19... Kh8 {[%emt 0:06:14][%cal Of6f5] Strongly threatening ...f5!} 20. Kh1 Rg8 21. Rg1 $2 {[%emt 0:13:24] [#]} (21. Rac1 $11) 21... f5 $1 $17 (21... Qxd2 22. Ne4 Qf4 23. Rxg8+ Rxg8 24. Rg1 $11) 22. Rae1 Qxd2 23. Nd1 (23. Rxe5 $2 Rxg1+ 24. Kxg1 Qxc3 $19 (24... Qc1+ $2 25. Kg2 $19)) 23... Bd4 (23... Rxg1+ $17 24. Rxg1 f4 (24... Qxa2 25. Qxf5 Bd4 26. Qe4 $11) (24... Rg8 25. Rxg8+ Kxg8 26. Ne3 $15)) 24. Qxf5 $11 {[%emt 0:02:01] The position is equal.} Rg6 25. Ref1 Rxg1+ 26. Rxg1 Rg8 27. Ne3 Rxg1+ $1 (27... Qxf2 $2 {perishes.} 28. Rxg8+ Kxg8 29. Qc8+ Kg7 30. Qg4+ Kf8 31. Qxd4 $18) 28. Kxg1 Bxe3 29. Qe5+ Kg8 30. fxe3 Qxa2 31. Qg5+ Kf8 32. Qd8+ Kg7 33. Qg5+ Kf8 34. Qd8+ Kg7 {[%emt 0:00:06] Weighted Error Value: White=0.09 (flawless) /Black=0.07 (flawless) . Mistake: 	White=1 	Black=1 OK: 	White=10 	Black=13 Best: 	White=4 	Black=3 Strong: 	--- 	Black=2} 1/2-1/2